 Dungeon Crawl Stone Soup version 0.31-a0-840-g6d2ecbb638 (webtiles) character file.

Game seed: 13629755874772009622

106 Essalna the Digger (level 4, -4/24 HPs)
             Began as a Gargoyle Earth Elementalist on Sept 27, 2023.
             Killed from afar by Sigmund (8 damage)
             ... with a puff of flame
             ... on level 2 of the Dungeon.
             The game lasted 00:02:54 (1344 turns).

Essalna the Digger (Gargoyle Earth Elementalist)    Turns: 1344, Time: 00:02:54

Health: -4/24      AC:  5    Str: 11    XL:     4   Next: 84%
Magic:  3/8        EV: 11    Int: 18    God:
Gold:   64         SH:  0    Dex: 10    Spells: 3/9 levels left

rFire   . . .        h - +0 flail
rCold   . . .        (no shield)
rNeg    + . .        a - +0 robe
rPois   ∞            (no helmet)
rElec   +            (no cloak)
rCorr   .            (no gloves)
SInv    .            (no boots)
Will    .....        (no amulet)
Stlth   ++           (no ring)
HPRegen 0.24/turn    (no ring)
MPRegen 0.11/turn

%: no passive effects
@: no status effects
A: sickness immunity, AC +3, negative energy resistance 1, electricity
resistance, torment resistance 1, petrification resistance
a: no special abilities


You were on level 2 of the Dungeon.
You visited 1 branch of the dungeon, and saw 2 of its levels.

You collected 64 gold pieces.

Inventory:

Hand Weapons
 h - a +0 flail (weapon)
Armour
 a - a +0 robe (worn)
Jewellery
 f - a ring of positive energy
Scrolls
 c - a scroll of enchant weapon {unknown}
 d - a scroll of acquirement {unknown}
 e - a scroll of identify {unknown}
 g - a scroll of blinking {unknown}
 i - a scroll of fog {unknown}
 j - a scroll of poison {unknown}
 l - a scroll of teleportation {unknown}
Potions
 b - a potion of magic
 k - 2 potions of attraction {unknown}


   Skills:
 + Level 0.5 Fighting
 - Level 1.5 Dodging
 - Level 2.1 Stealth
 + Level 3.1 Spellcasting
 - Level 2.0 Transmutations
 + Level 4.7 Earth Magic


You had 3 spell levels left.
You knew the following spells:

 Your Spells              Type           Power      Damage    Failure   Level
a - Sandblast             Erth           38%        2d10      2%          1
b - Stone Arrow           Conj/Erth      22%        3d8       19%         3
c - Passwall              Tmut/Erth      11%        N/A       6%          2

Your spell library contained the following spells:

 Spells                   Type           Power      Damage    Failure   Level
 Petrify                  Tmut/Erth      14%        N/A       38%         4
 Brom's Barrelling Bould  Conj/Erth      11%        2d3       52%         4


Dungeon Overview and Level Annotations

Branches:
Dungeon (2/15)

Altars:

Annotations:
D:2 Sigmund


Innate Abilities, Weirdness & Mutations

You are immune to sickness and miasma.
Your stone body is resilient. (AC +3)
You are immune to poison.
You resist negative energy. (rN+)
You are resistant to electric shocks. (rElec)
You are resistant to unholy torment.
You are immune to petrification.


Message History

Sigmund casts a spell.
Sigmund flickers and vanishes!
Deactivating autopickup; reactivate with Ctrl-A.
You can't see any susceptible monsters within range! (Use Z to cast anyway.)
Casting: Sandblast (safe; 2% risk of failure)
Confirm with . or Enter, or press ? or * to list all spells.
Aiming: Sandblast (safe; 2% risk of failure)
Press: ? - help, Shift-Dir - straight line You hear some strange, mumbled words.
A puff of flame appears from out of thin air!
The puff of flame misses you.
Casting: Sandblast (safe; 2% risk of failure)
Confirm with . or Enter, or press ? or * to list all spells.
Aiming: Sandblast (safe; 2% risk of failure)
Press: ? - help, Shift-Dir - straight line The blast of sand hits something.
You hear some strange, mumbled words.
A puff of flame appears from out of thin air!
The puff of flame hits you.
Casting: Sandblast (safe; 2% risk of failure)
Confirm with . or Enter, or press ? or * to list all spells.
Aiming: Sandblast (safe; 2% risk of failure)
Press: ? - help, Shift-Dir - straight line The blast of sand hits something.
Something hits you.
Casting: Sandblast (safe; 2% risk of failure)
Confirm with . or Enter, or press ? or * to list all spells.
Aiming: Sandblast (safe; 2% risk of failure)
Press: ? - help, Shift-Dir - straight line The blast of sand hits something but does no damage.
Something hits you!
* * * LOW HITPOINT WARNING * * *
Casting: Sandblast (safe; 2% risk of failure)
Confirm with . or Enter, or press ? or * to list all spells.
Aiming: Sandblast (safe; 2% risk of failure)
Press: ? - help, Shift-Dir - straight line The blast of sand hits something!
You hear some strange, mumbled words.
A puff of flame appears from out of thin air!
The puff of flame hits you!
You die...

###.#.####..#
#...........###
##.........#...##
#####...†......###..####
........†......# #.....##
...............# #......#
...............# #......#
...............# #.......
........@.......##.......
.........................
......###{#####.##.....##
...... #.. ........#
...... ##.. .........
###### ..$ .#≈≈≈≈.#. ....
....≈ .. ..... ##. ..


There were no monsters in sight!

Vanquished Creatures
  Natasha (D:2)
  Jessica (D:2)
  3 dart slugs (D:1)
  An orc (D:2)
  8 endoplasms
  3 giant cockroaches
  3 goblins (D:1)
  3 hobgoblins
  4 jackals
  2 quokkas
  3 ball pythons
  3 bats
  A frilled lizard (D:1)
  3 kobolds (D:1)
  3 rats
42 creatures vanquished.

Notes
Turn   | Place    | Note
-------+----------+-------------------------------------------
     0 | D:1      | Essalna the Gargoyle Earth Elementalist began the quest for
                  | the Orb.
     0 | D:1      | Reached XP level 1. HP: 10/10 MP: 3/3
   106 | D:1      | Reached skill level 1 in Transmutations
   175 | D:1      | Reached XP level 2. HP: 15/15 MP: 1/5
   285 | D:1      | Found a faded altar of an unknown god.
   412 | D:1      | Reached skill level 4 in Earth Magic
   515 | D:2      | Reached XP level 3. HP: 17/19 MP: 0/6
  1181 | D:2      | Noticed Jessica
  1188 | D:2      | Killed Jessica
  1189 | D:2      | Reached XP level 4. HP: 19/24 MP: 0/8
  1285 | D:2      | Learned a level 3 spell: Stone Arrow
  1288 | D:2      | Learned a level 2 spell: Passwall
  1305 | D:2      | Noticed Natasha
  1309 | D:2      | Killed Natasha
  1334 | D:2      | Noticed Sigmund
  1344 | D:2      | Killed from afar by Sigmund

Illustrated notes

Levels and vault maps discovered:
D:1:      roderic_crossed_star, layout_rooms, serial_corexii_hall,
          chequers_hall_statues_y, corexii_hall_statues_x,
          shapermc_ecumenical_altar_gd, eino_curves_04,
          hangedman_decor_clover_reticule, minivault_26,
          chequers_serial_rivers_small_b
D:2:      layout_rooms, serial_rivers, chequers_serial_rivers_micro_a,
          chequers_serial_rivers_large_b, chequers_serial_rivers_micro_d,
          chequers_serial_rivers_room_a, uniq_jessica, uniq_natasha,
          uniq_sigmund

Skill      XL: |  1  2  3  4 |
---------------+-------------+-----
Transmutations | 1 2 |  2.0
Earth Magic    | 4 |  4.7
Spellcasting   | 3 |  3.1
Fighting       | |  0.5
Dodging        | |  1.5
Stealth        | |  2.1

Action                     |  1- 3 |  4- 6 || total
---------------------------+-------+-------++-------
  Melee: Flail             |    11 |       ||    11
   Cast: Sandblast         |    50 |    12 ||    62
 Armour: Robe              |    59 |     4 ||    63
  Dodge: Dodged            |    46 |     1 ||    47

Table legend: (Time is in decaauts)
 A = Elapsed time spent in this place.
 B = Non-inter-level travel time spent in this place.
 C = Inter-level travel time spent in this place.
 D = Time resting spent in this place.
 E = Time spent auto-exploring this place.
 F = Levels seen in this place.
 G = Mean time per level.
                   A        B        C        D        E       F      G
               +--------+--------+--------+--------+--------+-----+--------+
         Total |   1410 |   1394 |     16 |      0 |   1180 |   2 |  705.0 |
       Dungeon |   1410 |   1394 |     16 |      0 |   1180 |   2 |  705.0 |
               +--------+--------+--------+--------+--------+-----+--------+

Top non-repeatable levels by time:
     D:1: 986 daAuts
     D:2: 423 daAuts
